AAA
EL PASO CHIHUAHUAS @ EVANSVILLE TRIPLETS
09/04/2052
 
TOP OF THE 1ST
Toledo Mud Hens batting - Pitching for Pawtucket Red Sox : RHP Zach Wright
Pitching: RHP Zach Wright
Batting: RHB Lorenzo Feliz 0-0: Ball
1-0: Ball
2-0: Fly out, F3 (Popup, 3F, EV 74.4 MPH)
Batting: LHB Cris Espinosa 0-0: Ball
1-0: SINGLE (Groundball, 34D, EV 84.4 MPH) (infield hit)
Batting: RHB Ezra Cole 0-0: Fly out, F9 (Flyball, 9, EV 85.0 MPH)
Batting: RHB Jack Cerza 0-0: Ball
1-0: Foul Ball, location: 2F
1-1: Foul Ball, location: 2F
1-2: Ball
2-2: Ball
3-2: Fly out, F7 (Flyball, 7LD, EV 109.4 MPH)
Top of the 1st over - 0 runs, 1 hit, 0 errors, 1 left on base; Toledo 0 - Pawtucket 0
BOTTOM OF THE 1ST
Pawtucket Red Sox batting - Pitching for Toledo Mud Hens : LHP Bruno Taveras
Pitching: LHP Bruno Taveras
Batting: RHB Connor Meli 0-0: Called Strike
0-1: Swinging Strike
0-2: Ball
1-2: Ball
2-2: Fly out, F8 (Line Drive, 8LM, EV 81.3 MPH)
Batting: RHB Jordi Ortiz 0-0: Called Strike
0-1: Ball
1-1: Fly out, F3 (Popup, 3SF, EV 66.9 MPH)
Batting: RHB Marlon Worrick 0-0: Fly out, F8 (Flyball, 8LXD, EV 93.1 MPH)
Bottom of the 1st over - 0 runs, 0 hits, 0 errors, 0 left on base; Toledo 0 - Pawtucket 0
TOP OF THE 2ND
Toledo Mud Hens batting - Pitching for Pawtucket Red Sox : RHP Zach Wright
Batting: RHB Rainer Paulino 0-0: Ground out 5-3 (Groundball, 5, EV 83.8 MPH)
Batting: LHB Will Dishman 0-0: Called Strike
0-1: Called Strike
0-2: Ball
1-2: SINGLE (Groundball, 6MD, EV 96.9 MPH)
Batting: RHB Carlos De La Torre 0-0: Ball
1-0: Ball
2-0: Ball
3-0: SINGLE (Groundball, 4S, EV 73.8 MPH) (infield hit)
Will Dishman to second
Batting: SHB Ryder Vossler 0-0: Fly out, F5 (Popup, 5F, EV 83.1 MPH)
Batting: RHB Max Bell 0-0: Swinging Strike
0-1: Ball
1-1: Foul Ball, location: 2F
1-2: Foul Ball, location: 9LSF
1-2: Ball
2-2: Ground out 6-3 (Groundball, 6S, EV 80.0 MPH)
Top of the 2nd over - 0 runs, 2 hits, 0 errors, 2 left on base; Toledo 0 - Pawtucket 0
BOTTOM OF THE 2ND
Pawtucket Red Sox batting - Pitching for Toledo Mud Hens : LHP Bruno Taveras
Batting: RHB James Graybill 0-0: Ball
1-0: Ball
2-0: Foul Ball, location: 2F
2-1: Ground out 6-3 (Groundball, 6, EV 90.6 MPH)
Batting: RHB Michael Oyler 0-0: Foul Ball, location: 25F
0-1: Ball
1-1: Ball
2-1: Swinging Strike
2-2: Ball
3-2: SINGLE (Line Drive, 4MD, EV 103.8 MPH)
Batting: LHB Elgin Charles 0-0: Ball
1-0: Fielders Choice at 2nd, 4-6 (Groundball, 4, EV 99.4 MPH)
Batting: RHB Lamont Hudson 0-0: Ball
1-0: Called Strike
1-1: Foul Ball, location: 2F
1-2: Foul Ball, location: 5F
1-2: SINGLE (Groundball, 56S, EV 64.4 MPH) (infield hit)
Elgin Charles to second
Batting: LHB Jack Dressler 0-0: Reached on error, E6 (Groundball, 6, EV 85.0 MPH)
Elgin Charles to third
Lamont Hudson to second
Batting: RHB Matt Mork 0-0: Swinging Strike
0-1: Called Strike
0-2: Foul Ball, location: 2F
0-2: Foul Ball, location: 3F
0-2: Ball
1-2: Ball
2-2: Reached via error on a dropped throw from SS, E4 (Groundball, 6, EV 95.0 MPH)
Elgin Charles scores
Lamont Hudson to third
Jack Dressler to second
Batting: RHB Connor Meli 0-0: Foul Ball, location: 2F
0-1: Foul Ball, location: 2F
0-2: Ball
1-2: Foul Ball, location: 7LSF
1-2: Ball
2-2: Ball
3-2: Base on Balls
Lamont Hudson scores
Jack Dressler to third
Matt Mork to second
Batting: RHB Jordi Ortiz 0-0: Ball
1-0: Called Strike
1-1: Ground out U3 (Groundball, 23, EV 85.6 MPH)
Bottom of the 2nd over - 2 runs, 2 hits, 2 errors, 3 left on base; Toledo 0 - Pawtucket 2
TOP OF THE 3RD
Toledo Mud Hens batting - Pitching for Pawtucket Red Sox : RHP Zach Wright
Batting: RHB Lorenzo Feliz 0-0: Called Strike
0-1: Ball
1-1: Ball
2-1: Ball
3-1: Called Strike
3-2: Foul Ball, location: 2F
3-2: SOLO HOME RUN (Flyball, 7D, EV 94.4 MPH), Distance : 363 ft
Batting: LHB Cris Espinosa 0-0: Ball
1-0: Called Strike
1-1: Ball
2-1: SINGLE (Line Drive, 78S, EV 98.8 MPH)
Batting: RHB Ezra Cole 0-0: Called Strike
0-1: Ball
1-1: Ball
2-1: SINGLE (Groundball, 6, EV 84.4 MPH)
Cris Espinosa to second
Batting: RHB Jack Cerza 0-0: Ball
1-0: Ball
2-0: Fielders Choice at 2nd, 3-6 (Groundball, 3, EV 86.9 MPH)
Cris Espinosa to third
Batting: RHB Rainer Paulino 0-0: Ball
Wild Pitch!
Cris Espinosa scores
Jack Cerza to second
1-0: Called Strike
1-1: Ball
2-1: SINGLE (Line Drive, 9LS, EV 110.0 MPH)
Jack Cerza to third
Batting: LHB Will Dishman 0-0: SINGLE (Line Drive, 78S, EV 103.1 MPH)
Jack Cerza scores
Rainer Paulino to second
Batting: RHB Carlos De La Torre 0-0: Ball
1-0: Called Strike
1-1: Grounds into double play, 6-4-3 (Groundball, 6, EV 106.9 MPH)
Top of the 3rd over - 3 runs, 5 hits, 0 errors, 1 left on base; Toledo 3 - Pawtucket 2
BOTTOM OF THE 3RD
Pawtucket Red Sox batting - Pitching for Toledo Mud Hens : LHP Bruno Taveras
Batting: RHB Marlon Worrick 0-0: Called Strike
0-1: Ball
1-1: Ball
2-1: Called Strike
2-2: Strikes out swinging
Batting: RHB James Graybill 0-0: Called Strike
0-1: Ground out 6-3 (Groundball, 6, EV 86.3 MPH)
Batting: RHB Michael Oyler 0-0: Swinging Strike
0-1: Ground out 4-3 (Groundball, 34, EV 100.6 MPH)
Bottom of the 3rd over - 0 runs, 0 hits, 0 errors, 0 left on base; Toledo 3 - Pawtucket 2
TOP OF THE 4TH
Toledo Mud Hens batting - Pitching for Pawtucket Red Sox : RHP Zach Wright
Batting: SHB Ryder Vossler 0-0: Called Strike
0-1: Swinging Strike
0-2: Ball
1-2: Ball
2-2: Ball
3-2: Strikes out swinging
Batting: RHB Max Bell 0-0: Ball
1-0: Ball
2-0: Called Strike
2-1: Ball
3-1: Base on Balls
Batting: RHB Lorenzo Feliz 0-0: Ball
1-0: Called Strike
1-1: Swinging Strike
1-2: Strikes out swinging
Batting: LHB Cris Espinosa 0-0: Called Strike
0-1: Ball
1-1: Foul Ball, location: 7LSF
1-2: Strikes out swinging
Top of the 4th over - 0 runs, 0 hits, 0 errors, 1 left on base; Toledo 3 - Pawtucket 2
BOTTOM OF THE 4TH
Pawtucket Red Sox batting - Pitching for Toledo Mud Hens : LHP Bruno Taveras
Batting: LHB Elgin Charles 0-0: Called Strike
0-1: Foul Ball, location: 3DF
0-2: Strikes out swinging
Batting: RHB Lamont Hudson 0-0: Ball
1-0: Ball
2-0: Swinging Strike
2-1: Ground out U3 (Groundball, 34, EV 85.0 MPH)
Batting: LHB Jack Dressler 0-0: Ball
1-0: Ball
2-0: Called Strike
2-1: Fly out, F9 (Flyball, 9S, EV 81.9 MPH)
Bottom of the 4th over - 0 runs, 0 hits, 0 errors, 0 left on base; Toledo 3 - Pawtucket 2
TOP OF THE 5TH
Toledo Mud Hens batting - Pitching for Pawtucket Red Sox : RHP Zach Wright
Batting: RHB Ezra Cole 0-0: Ball
1-0: Called Strike
1-1: Ball
2-1: Called Strike
2-2: SOLO HOME RUN (Flyball, 7D, EV 93.8 MPH), Distance : 364 ft
Batting: RHB Jack Cerza 0-0: Ball
1-0: Ball
2-0: Called Strike
2-1: Swinging Strike
2-2: Strikes out looking
Batting: RHB Rainer Paulino 0-0: SINGLE (Groundball, 5S, EV 65.6 MPH) (infield hit)
Batting: LHB Will Dishman 0-0: Swinging Strike
0-1: Ball
1-1: Foul Ball, location: 2F
1-2: Ball
2-2: Ball
3-2: Strikes out swinging
Batting: RHB Carlos De La Torre 0-0: Swinging Strike
0-1: Ball
1-1: Ball
2-1: Foul Ball, location: 23F
2-2: Ball
Rainer Paulino steals 2nd base
3-2: Fly out, F9 (Flyball, 9LD, EV 95.0 MPH)
Top of the 5th over - 1 run, 2 hits, 0 errors, 1 left on base; Toledo 4 - Pawtucket 2
BOTTOM OF THE 5TH
Pawtucket Red Sox batting - Pitching for Toledo Mud Hens : LHP Bruno Taveras
Batting: RHB Matt Mork 0-0: Ball
1-0: Foul Ball, location: 3FF
1-1: Called Strike
1-2: Fly out, F8 (Flyball, 8RXD, EV 99.4 MPH)
Batting: RHB Connor Meli 0-0: Called Strike
0-1: Called Strike
0-2: Strikes out swinging
Batting: RHB Jordi Ortiz 0-0: Called Strike
0-1: Foul Ball, location: 25FF
0-2: Foul Ball, location: 5F
0-2: Ground out 6-3 (Groundball, 6, EV 91.3 MPH)
Bottom of the 5th over - 0 runs, 0 hits, 0 errors, 0 left on base; Toledo 4 - Pawtucket 2
TOP OF THE 6TH
Toledo Mud Hens batting - Pitching for Pawtucket Red Sox : RHP Zach Wright
Batting: SHB Ryder Vossler 0-0: Called Strike
0-1: Ball
1-1: Foul Ball, location: 5SF
1-2: Ball
2-2: Ball
3-2: Ground out U3 (Groundball, 3S, EV 70.0 MPH)
Batting: RHB Max Bell 0-0: Foul Ball, location: 2F
0-1: Called Strike
0-2: Ball
1-2: Ball
2-2: Ball
3-2: Base on Balls
Pitching: RHP Deven Haywood
Batting: RHB Lorenzo Feliz 0-0: Foul Ball, location: 5FF
0-1: Ball
1-1: Grounds into double play, 6-4-3 (Groundball, 6, EV 98.8 MPH)
Top of the 6th over - 0 runs, 0 hits, 0 errors, 0 left on base; Toledo 4 - Pawtucket 2
BOTTOM OF THE 6TH
Pawtucket Red Sox batting - Pitching for Toledo Mud Hens : LHP Bruno Taveras
Batting: RHB Marlon Worrick 0-0: Fly out, F9 (Flyball, 9D, EV 106.3 MPH)
Batting: RHB James Graybill 0-0: Ball
1-0: Ball
2-0: Ball
3-0: Foul Ball, location: 2F
3-1: Swinging Strike
3-2: Foul Ball, location: 2F
3-2: Fly out, F8 (Flyball, 8LM, EV 87.5 MPH)
Batting: RHB Michael Oyler 0-0: Foul Ball, location: 5SF
0-1: Swinging Strike
0-2: Strikes out swinging
Bottom of the 6th over - 0 runs, 0 hits, 0 errors, 0 left on base; Toledo 4 - Pawtucket 2
TOP OF THE 7TH
Toledo Mud Hens batting - Pitching for Pawtucket Red Sox : RHP Deven Haywood
Batting: LHB Cris Espinosa 0-0: Ball
1-0: Swinging Strike
1-1: Ground out 3-1 (Groundball, 34S, EV 83.8 MPH)
Batting: RHB Ezra Cole 0-0: Fly out, F7 (Flyball, 7S, EV 91.9 MPH)
Batting: RHB Jack Cerza 0-0: Ball
1-0: Fly out, F9 (Line Drive, 9, EV 91.9 MPH)
Top of the 7th over - 0 runs, 0 hits, 0 errors, 0 left on base; Toledo 4 - Pawtucket 2
BOTTOM OF THE 7TH
Pawtucket Red Sox batting - Pitching for Toledo Mud Hens : LHP Bruno Taveras
Pitching: RHP Larry White
Now at 1B: Ryder Vossler
Now at 2B: Rainer Paulino
Now at 3B: Clyde Wray
Now at SS: Will Dishman
Now in CF: Douglas Erdelyi
Batting: LHB Elgin Charles 0-0: Called Strike
0-1: Called Strike
0-2: Ball
1-2: Strikes out looking
Batting: RHB Lamont Hudson 0-0: Ground out 3-1 (Groundball, 13, EV 81.3 MPH)
Batting: LHB Jack Dressler 0-0: Ball
1-0: Foul Ball, location: 2F
1-1: Foul Ball, location: 7LSF
1-2: Fly out, F8 (Line Drive, 8RM, EV 101.9 MPH)
Bottom of the 7th over - 0 runs, 0 hits, 0 errors, 0 left on base; Toledo 4 - Pawtucket 2
TOP OF THE 8TH
Toledo Mud Hens batting - Pitching for Pawtucket Red Sox : RHP Deven Haywood
Batting: RHB Rainer Paulino 0-0: Called Strike
0-1: Swinging Strike
0-2: Ball
1-2: Strikes out swinging
Batting: LHB Will Dishman 0-0: Ball
1-0: DOUBLE (Flyball, 78D, EV 92.5 MPH)
Batting: RHB Carlos De La Torre 0-0: Ball
1-0: Ball
2-0: Called Strike
2-1: Foul Ball, location: 9LDF
2-2: Ball
3-2: SINGLE (Line Drive, 8RS, EV 108.8 MPH)
Will Dishman to third
Batting: SHB Ryder Vossler 0-0: Called Strike
0-1: TRIPLE (Line Drive, 9LD, EV 96.3 MPH)
Will Dishman scores
Carlos De La Torre scores
Batting: RHB Max Bell 0-0: Ball
1-0: Called Strike
1-1: Foul Ball, location: 2F
1-2: 2-RUN HOME RUN (Flyball, 7D, EV 97.5 MPH), Distance : 363 ft
Pitching: RHP Kevin Jenkins
Batting: RHB Lorenzo Feliz 0-0: Ball
1-0: Ball
2-0: Ball
3-0: Base on Balls
Batting: RHB Clyde Wray 0-0: Ball
1-0: Called Strike
1-1: Ball
2-1: Called Strike
2-2: Foul Ball, location: 25FF
2-2: Foul Ball, location: 25F
2-2: Ball
3-2: SINGLE (Groundball, 6MD, EV 110.0 MPH)
Lorenzo Feliz to second
Batting: RHB Ezra Cole 0-0: Ball
1-0: Foul Ball, location: 9LSF
1-1: Ball
2-1: Swinging Strike
2-2: Foul Ball, location: 5F
2-2: Foul Ball, location: 2F
2-2: Strikes out swinging
Batting: RHB Douglas Erdelyi 0-0: Swinging Strike
0-1: Called Strike
0-2: Strikes out looking
Top of the 8th over - 4 runs, 5 hits, 0 errors, 2 left on base; Toledo 8 - Pawtucket 2
BOTTOM OF THE 8TH
Pawtucket Red Sox batting - Pitching for Toledo Mud Hens : RHP Larry White
Batting: RHB Matt Mork 0-0: Swinging Strike
0-1: Ball
1-1: Swinging Strike
1-2: Ball
2-2: Ball
3-2: Strikes out swinging
Batting: RHB Connor Meli 0-0: Called Strike
0-1: DOUBLE (Flyball, 8LD, EV 96.9 MPH)
Batting: RHB Jordi Ortiz 0-0: Ball
1-0: Foul Ball, location: 5FF
1-1: Foul Ball, location: 2F
1-2: Fly out, F6 (Popup, 6S, EV 67.5 MPH)
Batting: RHB Marlon Worrick 0-0: Called Strike
0-1: Ball
1-1: Called Strike
1-2: Ball
2-2: Foul Ball, location: 3F
2-2: Foul Ball, location: 2F
2-2: Foul Ball, location: 7LMF
2-2: Fly out, F8 (Line Drive, 8RD, EV 95.6 MPH)
Bottom of the 8th over - 0 runs, 1 hit, 0 errors, 1 left on base; Toledo 8 - Pawtucket 2
TOP OF THE 9TH
Toledo Mud Hens batting - Pitching for Pawtucket Red Sox : RHP Kevin Jenkins
Batting: RHB Rainer Paulino 0-0: Ball
1-0: Foul Ball, location: 7LDF
1-1: Called Strike
1-2: Ball
2-2: Ball
3-2: Strikes out swinging
Batting: LHB Will Dishman 0-0: Foul Ball, location: 2F
0-1: Ball
1-1: Ball
2-1: Ball
3-1: Foul Ball, location: 5FF
3-2: Foul Ball, location: 3FF
3-2: Base on Balls
Batting: RHB Carlos De La Torre 0-0: Ball
1-0: Foul Ball, location: 2F
1-1: Called Strike
1-2: Strikes out swinging
Batting: SHB Ryder Vossler 0-0: Ball
1-0: Ground out 4-3 (Groundball, 4, EV 103.1 MPH)
Top of the 9th over - 0 runs, 0 hits, 0 errors, 1 left on base; Toledo 8 - Pawtucket 2
BOTTOM OF THE 9TH
Pawtucket Red Sox batting - Pitching for Toledo Mud Hens : RHP Larry White
Batting: RHB James Graybill 0-0: Ball
1-0: SOLO HOME RUN (Flyball, 7D, EV 97.5 MPH), Distance : 354 ft
Batting: RHB Michael Oyler 0-0: Reached on error, E6 (Groundball, 6, EV 90.6 MPH)
Batting: LHB Elgin Charles 0-0: Foul Ball, location: 2F
0-1: Called Strike
0-2: Foul Ball, location: 2F
0-2: Ball
1-2: Strikes out looking
Pinch Hitting: SHB J.J. Burgess 0-0: Foul Ball, location: 2F
0-1: Fly out, F6 (Popup, 6MD, EV 71.9 MPH)
Batting: LHB Jack Dressler 0-0: Ball
1-0: Called Strike
1-1: Swinging Strike
Passed Ball!
Michael Oyler to second
1-2: Ground out 6-3 (Groundball, 4M, EV 86.3 MPH)
Bottom of the 9th over - 1 run, 1 hit, 1 error, 1 left on base; Toledo 8 - Pawtucket 3
Monday, May 6th , 2024 - OOTP Baseball 24.11 Build 85